 Dungeon Crawl Stone Soup version 0.27-a0-828-g8289197e94 (webtiles) character file.

Game seed: 7098410819877612525

594651 jasper the Slayer (level 25, -3/199 HPs)
             Began as a Demigod Fighter on Mar 30, 2021.
             Succumbed to a death drake's dark miasma
             ... on level 3 of the Depths.
             The game lasted 02:43:39 (80359 turns).

jasper the Slayer (Demigod Fighter)                Turns: 80359, Time: 02:43:40

Health: -3/199     AC: 30    Str: 15      XL:     25   Next: 5%
Magic:  27/27      EV: 41    Int: 12 (13) God:
Gold:   3669       SH: 18    Dex: 41      Spells: 16/24 levels left

rFire    + + .     SeeInvis +   g - +8 double sword of the Mouth {flame, Will+ Int+7 Dex-4}
rCold    + . .     Faith    +   e - +0 kite shield
rNeg     + . .     Spirit   .   w - +6 acid dragon scales
rPois    +         Reflect  .   z - +2 helmet {SInv}
rElec    +         Harm     .   i - +2 cloak {rC+}
rCorr    +         Rampage  .   T - +2 pair of gloves of the Stars {*Drain +Inv rPois Stlth+}
Will     ++++.     Rnd*Rage +   E - +2 pair of boots of the Five Visions {+Fly Will+ Regen+ Stlth+}
Stlth    +++++.....             d - amulet of Pigryubb {Faith +Blink rPois rF+}
HPRegen  0.00/turn              A - ring of Quoppeck {Wiz rN+}
MPRegen  0.20/turn              X - ring of Xom's Fury {rElec rF+ SInv}

@: lethally poisoned (-3 -> -23), berserk cooldown, flying, non-regenerating,
badly diseased, slowed, studying 2 skills, very slow
A: high mp 1, forlorn, iridescent scales 1, berserk 1, weak 1, subdued magic 1,
inability to read while threatened, MP-powered wands, [deterioration 1], [dopey
2], [frail 2], [screaming 1]
}: 3/15 runes: serpentine, barnacled, silver
a: Evoke Blink, Evoke Invisibility


You were on level 3 of the Depths.
You visited 8 branches of the dungeon, and saw 44 of its levels.
You visited the Abyss 1 time.
You visited 1 bazaar.
You visited 1 ziggurat, and saw 8 of its levels.
You also visited: Bailey, Gauntlet, Ice Cave and Wizlab.

You collected 11256 gold pieces.
You spent 7587 gold pieces at shops.

Inventory:

Hand Weapons
 g - the +8 double sword of the Mouth (weapon) {flame, Will+ Int+7 Dex-4}
   (You bought it in a shop on level 2 of the Vaults)

   It has been specially enchanted to burn those struck by it, causing extra
   injury to most foes and up to half again as much damage against particularly
   susceptible opponents.
   Big, fiery blades are also staple armaments of hydra-hunters.
   It affects your intelligence (+7).
   It affects your dexterity (-4).
   It increases your willpower.
 o - a +9 demon blade of flaming
Missiles
 j - 25 atropa-tipped darts (quivered)
 u - 15 throwing nets
 V - 41 silver javelins
Armour
 e - a +0 kite shield (worn)
 i - a +2 cloak of cold resistance (worn)
 w - +6 acid dragon scales (worn)
 z - a +2 helmet of see invisible (worn)
 E - the +2 pair of boots of the Five Visions (worn) {+Fly Will+ Regen+ Stlth+}
   (You found it on level 4 of the Vaults)

   It grants you flight.
   It increases your rate of health regeneration.
   It increases your willpower.
   It makes you more stealthy.
 T - the +2 pair of gloves of the Stars (worn) {*Drain +Inv rPois Stlth+}
   (You found it on level 12 of the Dungeon)

   It protects you from poison.
   It lets you turn invisible.
   It drains your maximum health when unequipped.
   It makes you more stealthy.
Jewellery
 d - the amulet of Pigryubb (around neck) {Faith +Blink rPois rF+}
   (You took it off a deep elf high priest on level 3 of the Elven Halls)

   [amulet of faith]

   It allows you to gain divine favour quickly.
   It protects you from fire.
   It protects you from poison.
   It lets you blink.
 h - the ring of Xom's Sleight of Hands {rPois rF+++ Will- EV+4 Int-5}
   (You found it on level 3 of the Elven Halls)

   [ring of evasion]

   It affects your evasion (+4).
   It affects your intelligence (-5).
   It renders you almost immune to fire.
   It protects you from poison.
   It decreases your willpower.
 k - the ring of the Hare {EV+8}
   (You took it off a deep elf high priest on level 3 of the Elven Halls)

   [ring of evasion]

   It affects your evasion (+8).
 A - the ring of Quoppeck (left hand) {Wiz rN+}
   (You took it off a merfolk on level 2 of the Shoals)

   [ring of wizardry]

   It improves your spell success rate.
   It protects you from negative energy.
 D - an amulet of reflection
 F - an amulet of regeneration
 O - the amulet "Asiupt" {Spirit rN+ Str-2 Int+2}
   (You found it on level 15 of the Dungeon)

   [amulet of guardian spirit]

   It causes incoming damage to be divided between your reserves of health and
   magic.
   It affects your strength (-2).
   It affects your intelligence (+2).
   It protects you from negative energy.
 S - the ring "Xuxunk" {rPois Will+ Slay+3}
   (You bought it in a shop on level 2 of the Orcish Mines)

   [ring of poison resistance]

   It affects your accuracy and damage with ranged weapons and melee attacks
   (+3).
   It protects you from poison.
   It increases your willpower.
 X - the ring of Xom's Fury (right hand) {rElec rF+ SInv}
   (You found it on level 2 of the Lair of Beasts)

   [ring of see invisible]

   It protects you from fire.
   It insulates you from electricity.
   It lets you see invisible.
Wands
 a - a wand of mindburst (33)
 b - a wand of flame (38)
 v - a wand of digging (20)
 G - a wand of paralysis (19)
 R - a wand of iceblast (19)
 U - a wand of acid (19)
Scrolls
 c - 26 scrolls of identify
 f - 28 scrolls of teleportation
 l - a scroll of magic mapping
 m - 2 scrolls of enchant armour
 n - 6 scrolls of vulnerability
 p - a scroll of blinking
 x - 3 scrolls of amnesia
 y - 12 scrolls of fog
 B - 3 scrolls of silence
 C - 5 scrolls of immolation
 L - 5 scrolls of holy word
 M - 4 scrolls of fear
 Q - 6 scrolls of summoning
Potions
 q - 2 potions of cancellation
 s - 6 potions of mutation
 H - 4 potions of resistance
 I - 2 potions of ambrosia
 N - 28 potions of curing
 P - 4 potions of haste
 Y - 3 potions of might
Miscellaneous
 t - a condenser vane (inert)
 J - a lightning rod (4/4)
 K - a phantom mirror
 W - a tin of tremorstones (inert)
 Z - a box of beasts


   Skills:
 - Level 25.0 Fighting
 - Level 16.0 Long Blades
 - Level 9.3 Armour
 - Level 20.0 Dodging
 + Level 18.9 Shields
 - Level 15.0 Evocations


You had 16 spell levels left.
You knew the following spells:

 Your Spells              Type           Power      Damage    Failure   Level
a - Blink                 Tloc           N/A        N/A       22%         2
b - Frozen Ramparts       Ice            0%         1d2       41%         3
c - Ozocubu's Armour      Ice            0%         N/A       41%         3

Your spell library contained the following spells:

 Spells                   Type           Power      Damage    Failure   Level
 Animate Skeleton         Necr           0%         N/A       16%         1
 Apportation              Tloc           0%         N/A       16%         1
 Beastly Appendage        Tmut           0%         N/A       16%         1
 Corona                   Hex            0%         N/A       16%         1
 Foxfire                  Conj/Fire      0%         2x1d4     16%         1
 Freeze                   Ice            0%         1d3       16%         1
 Magic Dart               Conj           0%         1d3       16%         1
 Pain                     Necr           0%         1d4       16%         1
 Sandblast                Erth           0%         2d4       16%         1
 Shock                    Conj/Air       0%         1d3       16%         1
 Sting                    Tmut/Pois      0%         1d3       16%         1
 Summon Small Mammal      Summ           0%         N/A       16%         1
 Call Imp                 Summ           0%         N/A       22%         2
 Corpse Rot               Necr/Air       N/A        N/A       22%         2
 Ensorcelled Hibernation  Hex/Ice        0%         N/A       22%         2
 Passwall                 Tmut/Erth      0%         N/A       22%         2
 Poisonous Vapours        Pois/Air       0%         N/A       22%         2
 Searing Ray              Conj           0%         3d3       22%         2
 Slow                     Hex            0%         N/A       22%         2
 Swiftness                Air            0%         N/A       22%         2
 Wereblood                Tmut           0%         N/A       22%         2
 Call Canine Familiar     Summ           0%         N/A       41%         3
 Confusing Touch          Hex            0%         N/A       41%         3
 Conjure Flame            Conj/Fire      0%         6-21      41%         3
 Dazzling Flash           Conj/Hex       0%         N/A       41%         3
 Gell's Gravitas          Tloc           0%         N/A       41%         3
 Ignite Poison            Fire/Tmut/Pois 0%         N/A       41%         3
 Inner Flame              Hex/Fire       0%         N/A       41%         3
 Lesser Beckoning         Tloc           0%         N/A       41%         3
 Mephitic Cloud           Conj/Pois/Air  0%         N/A       41%         3
 Spider Form              Tmut/Pois      0%         N/A       41%         3
 Static Discharge         Conj/Air       0%         N/A       41%         3
 Stone Arrow              Conj/Erth      0%         3d7       41%         3
 Summon Guardian Golem    Hex/Summ       0%         N/A       41%         3
 Tukima's Dance           Hex            0%         N/A       41%         3
 Vampiric Draining        Necr           0%         2d6       41%         3
 Airstrike                Air            0%         N/A       82%         4
 Animate Armour           Summ/Erth      0%         N/A       82%         4
 Animate Dead             Necr           0%         N/A       82%         4
 Cause Fear               Hex            0%         N/A       82%         4
 Fulminant Prism          Conj/Hex       0%         3d6       82%         4
 Hailstorm                Conj/Ice       0%         3d3       82%         4
 Ice Form                 Ice/Tmut       0%         N/A       82%         4
 Iskenderun's Mystic Bla  Conj/Tloc      0%         2d3       82%         4
 Leda's Liquefaction      Hex/Erth       0%         N/A       82%         4
 Olgreb's Toxic Radiance  Pois           0%         N/A       82%         4
 Passage of Golubria      Tloc           N/A        N/A       82%         4
 Petrify                  Tmut/Erth      0%         N/A       82%         4
 Sticky Flame             Conj/Fire      0%         2d3       82%         4
 Summon Ice Beast         Ice/Summ       0%         N/A       82%         4
 Summon Lightning Spire   Summ/Air       0%         N/A       82%         4
 Agony                    Necr           0%         N/A       98%         5
 Alistair's Intoxication  Tmut/Pois      0%         N/A       98%         5
 Bolt of Magma            Conj/Fire/Erth 0%         4d4       98%         5
 Borgnjor's Vile Clutch   Necr/Erth      0%         N/A       98%         5
 Fireball                 Conj/Fire      0%         3d3       98%         5
 Hydra Form               Tmut           0%         N/A       98%         5
 Irradiate                Conj/Tmut      0%         3d14      98%         5
 Lee's Rapid Deconstruct  Erth           0%         3d5*      98%         5
 Lightning Bolt           Conj/Air       0%         1d11      98%         5
 Metabolic Englaciation   Hex/Ice        0%         N/A       98%         5
 Silence                  Hex/Air        0%         N/A       98%         5
 Summon Forest            Summ/Tloc      0%         N/A       98%         5
 Yara's Violent Unravell  Hex/Tmut       0%         3d3       98%         5
 Blade Hands              Tmut           0%         N/A       100%        6
 Conjure Ball Lightning   Conj/Air       0%         3x3d6     100%        6
 Death Channel            Necr           0%         N/A       100%        6
 Eringya's Noxious Bog    Tmut/Pois      0%         N/A       100%        6
 Freezing Cloud           Conj/Ice/Air   0%         6-21      100%        6
 Invisibility             Hex            0%         N/A       100%        6
 Iron Shot                Conj/Erth      0%         9d1       100%        6
 Simulacrum               Ice/Necr       0%         N/A       100%        6
 Starburst                Conj/Fire      0%         8x6d3     100%        6
 Statue Form              Tmut/Erth      0%         N/A       100%        6
 Dragon Form              Tmut           0%         N/A       100%        7
 Malign Gateway           Summ/Tloc      0%         N/A       100%        7
 Ozocubu's Refrigeration  Ice            0%         4d5       100%        7
 Summon Hydra             Summ           0%         N/A       100%        7
 Borgnjor's Revivificati  Necr           0%         N/A       100%        8
 Discord                  Hex            0%         N/A       100%        8
 Ignition                 Fire           0%         3d3       100%        8
 Infestation              Necr           0%         N/A       100%        8
 Necromutation            Tmut/Necr      0%         N/A       100%        8
 Death's Door             Necr           0%         N/A       100%        9
 Shatter                  Erth           0%         3d5*      100%        9
 Tornado                  Air            0%         N/A       100%        9


Dungeon Overview and Level Annotations

Branches:
Dungeon (15/15)            Temple (0/1) D:6            Lair (6/6) D:10
 Shoals (4/4) Lair:2        Snake (4/4) Lair:2        Slime (0/5) Lair:6
    Orc (2/2) D:12            Elf (3/3) Orc:2        Vaults (5/5) D:13
  Crypt (0/3) Vaults:3     Depths (5/5) D:15            Zot (0/5) Depths:5
 Bailey (visited)           IceCv (visited)          WizLab (visited)
Gauntlet (visited)

Shops:
D:2 ?   D:11 *   D:14 *   Orc:2 =*=[   Elf:2 !   Elf:3 (   Shoals:1 :!**
Snake:2 *   Snake:3 *   Snake:4 (([*   Vaults:1 :   Vaults:2 *[(   Vaults:4 [

Portals:
Hell: Depths:1 Depths:2 Depths:3 Depths:4 Depths:5
Abyss: Depths:3 Depths:4
Pandemonium: Depths:3

Annotations:
D:5 1 runed translucent door, dang3rdave's ghost, novice GrFE
D:10 1 runed translucent door, Drazool's ghost, novice GrGl
D:14 Roxanne
Shoals:3 Jorgrun
Snake:3 3 runed translucent doors, exclusion: obsidian statue, Gourul's ghost, journeyman BaIE
Elf:3 2 exclusions
Vaults:3 Mennas
Depths:4 2 transporters, Cancer's ghost, legendary GrCj


Innate Abilities, Weirdness & Mutations

Your attributes grow dramatically as you level up.
You have an increased reservoir of magic. (+10% MP)
You shall have no god before yourself.
You are partially covered in iridescent scales. (AC +2)
You tend to lose your temper in combat.
You are weak. (Str -2)
Your spells are a little easier to cast, but a little less powerful.
You sometimes lose the ability to read scrolls when taking damage.
You expend magic power (3 MP) to strengthen your wands.
[Your body sometimes deteriorates upon taking damage.]
[You are very dopey. (Int -4)]
[You are very frail. (-20% HP)]
[You occasionally shout uncontrollably at your foes.]


Message History

You hit the starcursed mass but do no damage.
Two slime creatures merge to form a very large slime creature.
A raiju comes into view.
The salamander closely misses you. You block the starcursed mass's attack.
A starcursed mass splits.
The starcursed mass completely misses you.
You regained 19 hp, and now have 37/199 hp.
Okay, then.
Blink to where?
Press: ? - help, Dir - move target
As you read the scroll of blinking, it crumbles to dust.
A death drake, 2 thrashing horrors, a starcursed mass and a large abomination come into view.
A thrashing horror comes into view.
A cacophony of accursed wailing tears at your sanity!
* * * LOW HITPOINT WARNING * * *
You suddenly lose the ability to move!
Found a dazzling dagger.
Found a gateway leading out of the Abyss.
A starcursed mass splits.
A raiju comes into view.
You can move again.
You take 9 damage, and have 28/199 hp.
Unknown command.
Blink to where?
Press: ? - help, Dir - move target
As you read the scroll of blinking, it crumbles to dust.
The death drake hisses angrily.
The death drake breathes miasma at you. The foul vapour engulfs you!
You feel as though you will be slow longer.
* * * LOW HITPOINT WARNING * * *
You take 9 damage, and have 19/199 hp.
You are engulfed in dark miasma.
You are lethally poisoned!
* * * LOW HITPOINT WARNING * * *
x2 You feel extremely sick.
You block the death drake's attack. x2
You pass through the gate.
Welcome back to the Depths!
You die...

####..# ### ##.#...# ###.##
##......## ##....##
####........### #..≈...# ##
#####.##..........####....## .#
#..................#.......# .##
#.........................##
.^###.##............#........####
......#...##....@..##........##..
##...##........k.................
..##.#.....#......≈............##
....#.#....##.....≈≈≈≈.≈≈≈≈≈...##
#.#.#.....[....#...≈≈≈.≈≈≈≈≈≈≈..#
#....#...[.....#.......≈≈...≈....
.##..#.).....#......[.≈≈≈.≈......
#..##.......##...................
#......##...#....................


You could see a death drake.

Vanquished Creatures
  A dread lich (Zig:5)
  A juggernaut (Depths:3)
  A royal mummy (Zig:8)
  The ghost of Bailed the Peltast, a veteran MiMo of Qazlal (Vaults:2)
  Vashnia (Snake:4)
  A Killer Klown (Zig:6)
  A caustic shrike (Depths:4)
  A golden dragon (Depths:4)
  The ghost of jestyr24 the Slayer, an adept MiFi of Uskayaw (Vaults:4)
  A profane servitor (Abyss:3)
  4 bone dragons
  Rupert (D:12)
  A tentacled monstrosity (Depths:5)
  3 liches
  A quicksilver dragon (Vaults:5)
  5 titans
  A kraken (Shoals:4)
  6 sphinxes
  Gastronok (Lair:3)
  3 deep elf master archers (Elf:3)
  2 deep elf blademasters
  Frances (D:12)
  2 acid blobs (Zig:4)
  6 tengu reavers
  5 tentacled starspawn
  5 storm dragons
  2 shadow dragons
  7 fire giants
  6 nagarajas (Snake:4)
  An orc warlord (Vaults:1)
  9 frost giants
  7 deep elf sorcerers
  10 vault wardens
  A balrug (Abyss:3)
  8 iron dragons
  A draconian scorcher (Depths:5)
  Aizul (Snake:3)
  Louise (Shoals:3)
  7 deep elf elementalists
  17 ironbound preservers
  A draconian stormcaller (Depths:5)
  A draconian annihilator (Depths:5)
  29 very ugly things
  14 stone giants
  A quicksilver ooze (Gauntlet)
  3 war gargoyles
  A vampire knight (Depths:5)
  4 dire elephants
  A minotaur (Gauntlet)
  Azrael (D:14)
  9 deep elf demonologists
  Nessos (Orc:2)
  A black draconian (Depths:5)
  A yellow draconian (Depths:5)
  9 deep elf annihilators (Elf:3)
  A dire elephant (shapeshifter) (Zig:6)
  4 white draconians (Depths:5)
  A spectral titan (Vaults:2)
  A bunyip (Zig:7)
  A spark wasp (Depths:3)
  An orange crystal statue (WizLab)
  A purple draconian (Zig:1)
  An ettin (shapeshifter) (Depths:3)
  An eidolon (Abyss:4)
  3 crystal guardians (Vaults:4)
  2 blizzard demons
  4 deep elf death magi (Elf:3)
  13 ettins
  2 salamander tyrants (Snake:3)
  3 jiangshi (Depths:4)
  2 mummy priests (Zig:8)
  Josephine (D:12)
  3 merfolk javelineers
  8 merfolk impalers
  9 fire dragons
  2 shambling mangroves (Zig:7)
  14 yaktaur captains
  10 great orbs of eyes
  10 deep elf high priests
  9 naga warriors
  12 hydras
  5 ironbound thunderhulks
  9 ice dragons
  A boulder beetle (D:15)
  33 vault guards
  8 rakshasas
  A spectral shadow dragon (Vaults:2)
  2 peacekeepers (Vaults:4)
  3 ogre magi (Vaults:5)
  2 catoblepae
  21 centaur warriors
  4 ironbound frosthearts
  5 merfolk avatars
  5 merfolk aquamancers
  A death knight (Abyss:3)
  3 spriggan air magi
  5 anacondas
  3 two-headed ogres
  27 dancing weapons
  2 spectral fire giants (Vaults:2)
  4 deep troll earth magi
  2 death scarabs (Zig:8)
  6 tengu warriors
  An alligator (Zig:7)
  3 alligator snapping turtles
  11 death yaks (Lair:6)
  4 deep troll shamans
  9 thrashing horrors
  Sonja (D:11)
  5 orc high priests
  9 hell knights
  5 ironbound beastmasters
  5 shock serpents
  7 iron trolls
  13 naga sharpshooters
  2 sun demons (Abyss:3)
  7 spriggan berserkers
  4 vampire magi
  22 deep elf knights
  A spatial maelstrom (Abyss:4)
  A spectral yaktaur (Vaults:2)
  8 salamander mystics
  A fire crab (Lair:6)
  3 shadow wraiths
  2 sixfirhies (Abyss:2)
  2 wretched stars
  A golden dragon zombie (D:15)
  A goliath frog (Zig:7)
  4 skeletal warriors
  48 deep trolls
  A swamp dragon (Zig:7)
  14 sea snakes
  4 flayed ghosts
  11 deep elf archers
  12 wizards
  5 glowing orange brains
  Pikel (D:8)
  34 harpies
  6 lindwurms
  A mana viper (shapeshifter) (D:9)
  2 necromancers
  29 deep elf zephyrmancers
  4 phantasmal warriors
  4 naga ritualists
  37 deep elf pyromancers
  7 ironbound convokers
  2 orc knights
  44 ugly things
  A spectral ettin (Vaults:2)
  An oklob plant (Gauntlet)
  13 fauns
  10 mana vipers
  4 orc sorcerers
  A wolf spider (shapeshifter) (D:9)
  23 salamanders
  A moth of wrath (Gauntlet)
  9 cyclopes
  20 elephants
  A glowing shapeshifter (Zig:5)
  A will-o-the-wisp (Abyss:2)
  A worldbinder (Abyss:4)
  12 manticores
  A sphinx skeleton (Zig:8)
  7 rust devils
  12 vault sentinels
  2 apocalypse crabs
  6 guardian serpents
  3 smoke demons
  9 merfolk sirens
  2 molten gargoyles (Lair:6)
  27 black mambas
  2 orange demons
  18 naga magi
  15 cane toads
  2 ice statues (IceCv)
  3 water nymphs
  3 gargoyles
  A storm dragon simulacrum (Abyss:4)
  3 rime drakes
  A rime drake (shapeshifter) (D:15)
  35 yaktaurs
  4 freezing wraiths
  14 ice devils
  A tormentor (Zig:3)
  A spriggan skeleton (Depths:1)
  2 spectral glowing shapeshifters (Vaults:2)
  3 tengu conjurers
  A red devil (Depths:3)
  2 hellwings
  5 guardian mummies (Zig:8)
  A silent spectre (Abyss:3)
  6 ancient zymes
  A troll (D:12)
  A golden dragon simulacrum (Vaults:2)
  14 komodo dragons
  5 wind drakes
  24 merfolk
  10 hornets
  5 raiju
  A wind drake (shapeshifter) (Abyss:3)
  A sphinx simulacrum (Vaults:2)
  2 hornets (shapeshifter)
  A polar bear (Lair:3)
  A deep troll zombie (Depths:1)
  23 blink frogs
  3 dream sheep (shapeshifter)
  Prince Ribbit (D:6)
  A blink frog (shapeshifter) (D:13)
  13 dream sheep
  A human simulacrum (Vaults:2)
  5 flying skulls
  A shadow (D:13)
  51 slime creatures
  A tarantella (shapeshifter) (D:13)
  8 snapping turtles
  8 spriggans
  17 water elementals
  2 deep troll skeletons
  3 ynoxinuls
  7 large abominations
  3 air elementals
  An elf simulacrum (Vaults:2)
  An ice dragon skeleton (Depths:1)
  12 wraiths
  4 wyverns
  An ushabti (Zig:8)
  6 fire elementals
  4 steam dragons
  2 golden eyes
  A fire bat (Abyss:2)
  9 basilisks
  9 chaos spawn
  5 neqoxecs
  57 yaks
  Edmund (D:5)
  4 spatial vortices
  4 vampire mosquitoes
  Menkaure (D:5)
  A tengu zombie (D:15)
  62 nagas
  2 wargs
  15 water moccasins
  4 hell hounds
  9 acid dragons
  A floating eye (Depths:3)
  A tengu skeleton (D:15)
  2 human skeletons
  22 orc warriors
  4 ice beasts (Elf:1)
  A swamp drake (Zig:7)
  3 black bears
  17 starcursed masses (Abyss:2)
  5 ogres (Orc:1)
  6 wolves
  17 centaurs
  A phantom (D:5)
  4 kobold brigands
  15 bullfrogs
  9 gnoll sergeants
  A glowing shapeshifter simulacrum (Vaults:2)
  A scorpion (D:6)
  6 earth elementals
  10 small abominations
  8 wights
  12 killer bees
  2 howler monkeys
  3 electric eels
  5 centaur zombies
  A crimson imp (D:6)
  A quasit (Abyss:2)
  3 hounds
  5 lava snakes (Lair:6)
  5 jellies
  35 orc priests
  7 gnoll shamans
  4 iron imps
  3 iguanas
  27 orc wizards
  A killer bee zombie (D:9)
  7 mummies (Zig:8)
  A hound skeleton (D:5)
  3 howler monkey zombies
  28 gnolls
  6 adders
  A shadow imp (D:5)
  7 white imps
  9 ufetubi
  2 worms
  3 dart slugs
  70 orcs
  6 ball pythons
  7 bats
  8 endoplasms
  3 giant cockroaches
  9 goblins
  8 hobgoblins
  3 jackals (D:1)
  6 quokkas
  3 frilled lizards
  A jackal skeleton (D:4)
  31 kobolds
  8 rats
  A bush (Abyss:3)
  2 starspawn tentacles (Abyss:4)
  3 tentacles (Shoals:4)
2084 creatures vanquished.

Vanquished Creatures (collateral kills)
  A sphinx (Zig:6)
  A shadow dragon (Vaults:5)
  A very ugly thing (Zig:6)
3 creatures vanquished.

Vanquished Creatures (others)
  A tentacled monstrosity (Vaults:5)
  A fire giant (Vaults:5)
  A dancing weapon (Elf:1)
  2 deep elf knights (Elf:2)
  A spriggan (Zig:7)
  A shadow wraith (Vaults:5)
  2 deep elf zephyrmancers
  A deep elf pyromancer (Elf:2)
  A black mamba (Lair:6)
  A yaktaur (Vaults:4)
  A merfolk (Shoals:2)
  A hornet (Zig:7)
  A blink frog (Abyss:2)
  A flying skull (Abyss:3)
  A ynoxinul (Abyss:3)
  A fire elemental (Elf:2)
  A golden eye (Abyss:4)
  A neqoxec (Abyss:4)
  A small abomination (Abyss:4)
  A floating eye (shapeshifter) (Zig:6)
  An ogre (D:5)
  A lemure (D:9)
  An orc priest (D:7)
  2 white imps (IceCv)
  7 ufetubi (IceCv)
  6 demonic plants (Abyss:3)
  10 foxfires
  99 fungi
  185 plants
  47 starspawn tentacles
  8 tentacles (Shoals:4)
  9 withered plants (D:15)
398 creatures vanquished.

Grand Total: 2485 creatures vanquished

Notes
Turn   | Place    | Note
-------+----------+-------------------------------------------
     0 | D:1      | jasper the Demigod Fighter began the quest for the Orb.
     0 | D:1      | Reached XP level 1. HP: 18/18 MP: 3/3
   466 | D:1      | Reached XP level 2. HP: 24/25 MP: 4/4
   977 | D:1      | Reached skill level 3 in Fighting
  1242 | D:1      | Reached XP level 3. HP: 18/31 MP: 5/5
  1819 | D:2      | Found Xulutut's Magic Scroll Emporium.
  1831 | D:2      | Reached skill level 1 in Dodging
  2793 | D:2      | Noticed a moth of wrath
  3227 | D:3      | Reached XP level 4. HP: 16/38 MP: 6/6
  4712 | D:3      | Reached XP level 5. HP: 36/45 MP: 7/7
  5242 | D:4      | You fall into a shaft and drop 2 floors!
  5414 | D:6      | Noticed a steam dragon
  5614 | D:5      | Entered Level 5 of the Dungeon
  5666 | D:5      | Noticed Edmund
  5685 | D:5      | Killed Edmund
  5686 | D:5      | Reached XP level 6. HP: 52/52 MP: 3/8
  6151 | D:5      | Found a runed translucent door.
  6155 | D:5      | Noticed dang3rdave's ghost (novice GrFE)
  6164 | D:5      | Noticed Menkaure
  6176 | D:5      | Killed Menkaure
  6177 | D:5      | Reached skill level 4 in Fighting
  6601 | D:5      | Reached XP level 7. HP: 37/59 MP: 9/9
  7041 | D:4      | Reached skill level 5 in Long Blades
  8440 | D:6      | Noticed Prince Ribbit
  8447 | D:6      | Killed Prince Ribbit
  8448 | D:6      | Reached XP level 8. HP: 67/67 MP: 10/10
  8470 | D:6      | Reached skill level 5 in Fighting
  8470 | D:6      | Reached skill level 5 in Armour
  8696 | D:6      | Noticed Grinder
  8697 | D:6      | Noticed Grinder
  8697 | D:6      | Grinder changed into Grinder the crimson imp
  8699 | D:6      | Killed Grinder the crimson imp
  8700 | D:6      | Found a staircase to the Ecumenical Temple.
 10952 | D:7      | Reached skill level 5 in Dodging
 10952 | D:7      | Reached XP level 9. HP: 71/75 MP: 11/11
 11322 | D:7      | Reached skill level 6 in Fighting
 11934 | D:9      | Noticed Pikel
 11943 | D:9      | Gained mutation: You expend magic power (3 MP) to
                  | strengthen your wands. [potion of mutation]
 11943 | D:9      | Gained mutation: [Your body sometimes deteriorates upon
                  | taking damage.] [potion of mutation]
 11943 | D:9      | Lost mutation: [Your body sometimes deteriorates upon
                  | taking damage.] [potion of mutation]
 11943 | D:9      | Gained mutation: You are partially covered in iridescent
                  | scales. (AC +2) [potion of mutation]
 11968 | D:8      | Killed Pikel
 12202 | D:8      | Reached skill level 7 in Fighting
 12587 | D:9      | Reached XP level 10. HP: 86/86 MP: 13/13
 12638 | D:9      | Identified a scroll of acquirement
 12638 | D:9      | Acquired 1049 gold pieces
 13691 | D:9      | Reached skill level 10 in Long Blades
 13834 | D:9      | Noticed a tengu warrior
 13934 | D:10     | Entered Level 10 of the Dungeon
 13989 | D:10     | Noticed a two-headed ogre
 14035 | D:10     | Killed a two-headed ogre
 14381 | D:10     | Learned a level 2 spell: Blink
 14385 | D:10     | Learned a level 3 spell: Frozen Ramparts
 14389 | D:10     | Learned a level 3 spell: Ozocubu's Armour
 14492 | D:10     | Reached skill level 8 in Fighting
 14514 | D:10     | Noticed a skeletal warrior
 14530 | D:10     | Killed a skeletal warrior
 14575 | D:10     | Noticed a centaur warrior
 14576 | D:10     | Noticed a two-headed ogre
 14596 | D:10     | Killed a two-headed ogre
 14603 | D:10     | Killed a centaur warrior
 14604 | D:10     | Reached XP level 11. HP: 62/95 MP: 14/14
 14784 | D:10     | Noticed a five-headed hydra
 14793 | D:10     | Killed a one-headed hydra
 15084 | D:10     | Found a runed translucent door.
 15267 | D:10     | Identified the +7 spear "Lecliss Esea" {freeze, rC+ Int+3}
 15381 | D:10     | Noticed Drazool's ghost (novice GrGl)
 15441 | D:10     | Found a staircase to the Lair.
 15669 | D:10     | Noticed a centaur warrior
 16183 | D:11     | Found Cugrad's Assorted Antiques.
 16192 | D:11     | Bought a potion of curing for 66 gold pieces
 16192 | D:11     | Bought a scroll of teleportation for 66 gold pieces
 16192 | D:11     | Bought a scroll labelled IJUUSTODIJ for 22 gold pieces
 16192 | D:11     | Bought a scroll of teleportation for 66 gold pieces
 16192 | D:11     | Bought a potion of curing for 66 gold pieces
 16192 | D:11     | Bought a wand of mindburst (14) for 88 gold pieces
 16214 | D:11     | Noticed a two-headed ogre
 16222 | D:11     | Killed a two-headed ogre
 16331 | D:11     | Identified the +2 leather armour of the Shining Light
                  | {Dex+4}
 16493 | D:11     | Reached skill level 9 in Fighting
 16616 | D:11     | Noticed Sonja
 16620 | D:11     | Killed Sonja
 16832 | D:12     | Found a gate leading to a gauntlet.
 16855 | D:12     | Identified the +2 pair of gloves of the Stars {*Drain +Inv
                  | rPois Stlth+}
 16877 | Gauntlet | Entered a Gauntlet
 16877 | Gauntlet | Found a transporter.
 16933 | Gauntlet | Found the +2 hood of the Assassin {Detection Stab+ Stlth++}
 16933 | Gauntlet | Found a transporter.
 16948 | Gauntlet | Found a transporter.
 16953 | Gauntlet | Found a transporter.
 16970 | Gauntlet | Found a transporter.
 16972 | Gauntlet | Noticed an orange crystal statue
 16987 | Gauntlet | Found a transporter.
 17002 | Gauntlet | Found a transporter.
 17009 | Gauntlet | Noticed a death yak
 17010 | Gauntlet | Noticed a death yak
 17011 | Gauntlet | Found a transporter.
 17011 | Gauntlet | Noticed a death yak
 17011 | Gauntlet | Noticed a death yak
 17012 | Gauntlet | Noticed a death yak
 17012 | Gauntlet | Noticed a necromancer
 17017 | Gauntlet | Found a transporter.
 17017 | Gauntlet | Found a transporter.
 17032 | Gauntlet | Found a transporter.
 17044 | Gauntlet | Found a transporter.
 17044 | Gauntlet | Noticed a quicksilver ooze
 17061 | Gauntlet | Found a transporter.
 17079 | Gauntlet | Found a transporter.
 17081 | Gauntlet | Found a transporter.
 17108 | Gauntlet | Found a transporter.
 17128 | Gauntlet | Found a transporter.
 17331 | Gauntlet | Found a transporter.
 17622 | Gauntlet | Identified Tysel's Compendium of Ignition
 17780 | Gauntlet | Killed a quicksilver ooze
 17785 | Gauntlet | Identified the +2 cloak of the Stars {Rampage rC- Str+7
                  | Int-5}
 17817 | Gauntlet | Noticed a minotaur
 17838 | Gauntlet | Killed a minotaur
 17857 | Gauntlet | Identified the +0 hat of the Pink Corner {Int+4}
 17857 | Gauntlet | Identified the +0 ring mail "Ylu Gemn" {rElec rC+}
 18195 | D:12     | Reached XP level 12. HP: 75/105 MP: 15/15
 18197 | D:12     | Acquired 959 gold pieces
 18502 | Lair:1   | Entered Level 1 of the Lair of Beasts
 19460 | Lair:1   | Reached skill level 10 in Fighting
 19759 | Lair:2   | Noticed a five-headed hydra
 19769 | Lair:2   | Killed a one-headed hydra
 19890 | Lair:2   | Found a staircase to the Shoals.
 20025 | Lair:2   | Noticed a five-headed hydra
 20037 | Lair:2   | Killed a one-headed hydra
 20084 | Lair:2   | Reached skill level 10 in Dodging
 20179 | Lair:2   | Found a staircase to the Snake Pit.
 20443 | Lair:2   | Identified the ring of Xom's Fury {rElec rF+ SInv}
 21229 | Lair:3   | Noticed a seven-headed hydra
 21241 | Lair:3   | Killed a one-headed hydra
 21301 | Lair:3   | Noticed Gastronok
 21315 | Lair:3   | Killed Gastronok
 21316 | Lair:3   | Reached skill level 1 in Evocations
 21410 | Lair:3   | Reached XP level 13. HP: 114/114 MP: 16/16
 22383 | Lair:4   | Noticed a dire elephant
 22399 | Lair:4   | Killed a dire elephant
 22405 | Lair:4   | Reached skill level 11 in Fighting
 22850 | Lair:4   | Reached skill level 5 in Shields
 24256 | Lair:5   | Reached skill level 5 in Evocations
 24712 | Lair:6   | Entered Level 6 of the Lair of Beasts
 24945 | Lair:6   | Reached XP level 14. HP: 125/125 MP: 14/17
 24966 | Lair:6   | Reached skill level 12 in Fighting
 25068 | Lair:6   | Found a staircase to the Slime Pits.
 25515 | Lair:6   | Found a large runed translucent door.
 25515 | Lair:6   | Found a large runed translucent door.
 27121 | D:12     | Noticed Rupert
 27156 | D:12     | Killed Rupert
 27234 | D:12     | Noticed Josephine
 27249 | D:12     | Killed Josephine
 27404 | D:12     | Noticed Frances
 27423 | D:12     | Killed Frances
 27645 | D:12     | Found a staircase to the Orcish Mines.
 28130 | Orc:1    | Entered Level 1 of the Orcish Mines
 28515 | Orc:2    | Entered Level 2 of the Orcish Mines
 28515 | Orc:2    | Found a staircase to the Elven Halls.
 30572 | Orc:2    | Found Kawuji's Jewellery Shoppe.
 30572 | Orc:2    | Found Buloem's Assorted Antiques.
 30573 | Orc:2    | Found Efate's Armour Emporium.
 30577 | Orc:2    | Found Qel Bek's Jewellery Emporium.
 30582 | Orc:2    | Bought a scroll labelled DUMPAV CANEVO for 33 gold pieces
 30585 | Orc:2    | Bought a +2 helmet of see invisible for 322 gold pieces
 30797 | Orc:2    | Noticed Nessos
 30801 | Orc:2    | Killed Nessos
 30802 | Orc:2    | Reached XP level 15. HP: 134/134 MP: 8/18
 30955 | D:13     | Found a flagged portal.
 30977 | Bailey   | Entered a bailey
 31698 | D:13     | Reached skill level 13 in Fighting
 31875 | D:13     | Found a gate to the Vaults.
 33032 | D:13     | Paralysed by a gnoll for 6 turns
 33330 | D:14     | Noticed Roxanne
 33521 | D:14     | Found Oroull's Assorted Antiques.
 33538 | D:14     | Bought a scorched scimitar for 243 gold pieces
 33538 | D:14     | Identified the +4 scimitar of World Downfall {flame, SInv}
                  | (You bought it in a shop on level 14 of the Dungeon)
 33721 | D:14     | Identified the amulet "Fedyraer" {RegenMP rC+}
 34269 | D:15     | Entered Level 15 of the Dungeon
 34269 | D:15     | Found a staircase to the Depths.
 34271 | D:15     | Noticed Azrael
 34576 | Snake:1  | Entered Level 1 of the Snake Pit
 35749 | Snake:2  | Reached skill level 10 in Shields
 37320 | Snake:2  | Found Orphi's General Store.
 38929 | D:9      | Reached XP level 16. HP: 142/144 MP: 19/19
 39306 | D:9      | Identified the +7 short sword of Woe {vorpal, rPois Int+3}
 39306 | D:9      | Identified the Volume of Orientation and Fire
 39707 | Snake:3  | Found a runed translucent gate.
 39709 | Snake:3  | Found a runed translucent gate.
 39710 | Snake:3  | Found a runed translucent gate.
 39713 | Snake:3  | Found Rimuf's Assorted Antiques.
 39713 | Snake:3  | Noticed Gourul's ghost (journeyman BaIE)
 40356 | Snake:4  | Entered Level 4 of the Snake Pit
 40736 | Snake:4  | Noticed Aizul
 40759 | Snake:3  | Killed Aizul
 41751 | Snake:3  | Identified the +8 quarterstaff of Frustration {vorpal,
                  | +Blink rElec rC- Int+4}
 42239 | Snake:4  | Found Cefojek's General Store.
 42239 | Snake:4  | Found Pojin's Antique Weapon Boutique.
 42240 | Snake:4  | Found Baohaf's Antique Weapon Boutique.
 42244 | Snake:4  | Found Kocvy's Antique Armour Shop.
 42250 | Snake:4  | Bought a scroll of blinking for 127 gold pieces
 42250 | Snake:4  | Bought a wand of digging (5) for 306 gold pieces
 42533 | Snake:4  | Noticed Vashnia
 42566 | Snake:4  | Killed Vashnia
 43555 | Snake:4  | Reached skill level 15 in Shields
 44124 | Snake:4  | Got a serpentine rune of Zot
 44932 | Shoals:1 | Entered Level 1 of the Shoals
 44932 | Shoals:1 | Found Neoxilum's General Store.
 44943 | Shoals:1 | Bought a scroll of immolation for 59 gold pieces
 45397 | Shoals:1 | Found Tususyig's Book Shop.
 45412 | Shoals:1 | Reached XP level 17. HP: 150/150 MP: 20/20
 45727 | Shoals:1 | Found Vyes's Antique Armour Boutique.
 46110 | Shoals:1 | Found Duineq's Distillery.
 46113 | Shoals:1 | Bought a potion of haste for 140 gold pieces
 46113 | Shoals:1 | Bought a potion of heal wounds for 70 gold pieces
 46113 | Shoals:1 | Bought a potion of curing for 42 gold pieces
 46113 | Shoals:1 | Bought a potion of resistance for 140 gold pieces
 46113 | Shoals:1 | Bought 2 potions of might for 112 gold pieces
 46113 | Shoals:1 | Bought a potion of heal wounds for 70 gold pieces
 46196 | Shoals:1 | Found Gual's Assorted Antiques.
 46215 | Shoals:1 | Reached skill level 10 in Evocations
 46222 | Shoals:1 | Bought a potion of heal wounds for 110 gold pieces
 46222 | Shoals:1 | Bought a scroll of teleportation for 66 gold pieces
 46222 | Shoals:1 | Bought a potion of heal wounds for 110 gold pieces
 46222 | Shoals:1 | Bought a wand of acid (11) for 176 gold pieces
 46998 | Shoals:2 | Reached skill level 14 in Fighting
 47740 | Shoals:2 | Identified the ring of Quoppeck {Wiz rN+}
 48676 | Shoals:3 | Noticed Jorgrun
 48750 | Shoals:3 | Noticed Louise
 48772 | Shoals:3 | Killed Louise
 49150 | Shoals:4 | Entered Level 4 of the Shoals
 49291 | Shoals:4 | Found a frozen archway.
 49303 | IceCv    | Entered an ice cave
 51406 | Shoals:4 | Got a barnacled rune of Zot
 51640 | Elf:1    | Entered Level 1 of the Elven Halls
 51895 | D:14     | Killed Azrael
 51951 | D:15     | Reached XP level 18. HP: 127/162 MP: 21/21
 52148 | D:15     | Reached skill level 15 in Fighting
 52652 | D:15     | Identified the amulet "Asiupt" {Spirit rN+ Str-2 Int+2}
 52942 | Vaults:1 | Entered Level 1 of the Vaults
 53980 | Vaults:1 | Reached skill level 15 in Dodging
 54551 | Vaults:1 | Found Erobavan's Book Emporium.
 56831 | Vaults:2 | Paralysed by a sphinx for 6 turns
 56940 | Vaults:2 | Reached skill level 16 in Fighting
 57018 | Vaults:2 | Found a runed translucent gate.
 57019 | Vaults:2 | Found a runed translucent gate.
 57019 | Vaults:2 | Found a runed translucent gate.
 57021 | Vaults:2 | Noticed Bailed's ghost (veteran MiMo)
 57060 | Vaults:2 | Reached XP level 19. HP: 135/172 MP: 0/22
 57124 | Vaults:2 | Killed Bailed's ghost
 57564 | Vaults:2 | Found Gozag's Antique Weapon Shop.
 57566 | Vaults:2 | Found Gozag's Antique Armour Shop.
 57905 | Vaults:2 | Bought a fine double sword for 2000 gold pieces
 57905 | Vaults:2 | Identified the +8 double sword of the Mouth {flame, Will+
                  | Int+7 Dex-4} (You bought it in a shop on level 2 of the
                  | Vaults)
 57910 | Vaults:2 | Found Gozag's Assorted Antiques.
 57922 | Vaults:2 | Bought a scroll of teleportation for 300 gold pieces
 58858 | Vaults:3 | Found a staircase to the Crypt.
 58874 | Vaults:3 | Noticed Mennas
 59097 | Orc:2    | Bought the ring "Xuxunk" {rPois Will+ Slay+3} for 723 gold
                  | pieces
 59870 | Elf:1    | Found the +8 frozen axe "Frostbite" {freezing cloud, *Noise
                  | +Fly rC+}
 60543 | Elf:2    | Found Cekun's Distillery.
 60585 | Elf:2    | Bought a potion of might for 40 gold pieces
 60585 | Elf:2    | Bought a potion of curing for 30 gold pieces
 60585 | Elf:2    | Bought a potion of curing for 30 gold pieces
 60585 | Elf:2    | Bought a potion of curing for 30 gold pieces
 60585 | Elf:2    | Bought a potion of might for 40 gold pieces
 60585 | Elf:2    | Bought a potion of haste for 100 gold pieces
 60585 | Elf:2    | Bought a potion of mutation for 80 gold pieces
 61260 | Elf:2    | Found a huge runed translucent gate.
 61260 | Elf:2    | Found a huge runed translucent gate.
 61260 | Elf:2    | Found a huge runed translucent gate.
 61260 | Elf:2    | Found a huge runed translucent gate.
 61263 | Elf:2    | Found a huge runed translucent gate.
 61999 | Elf:3    | Entered Level 3 of the Elven Halls
 62178 | Elf:3    | Found Kamaage's Antique Weapon Boutique.
 62267 | Elf:3    | Reached skill level 15 in Long Blades
 62590 | Elf:3    | Reached XP level 20. HP: 183/183 MP: 24/24
 62950 | Elf:3    | Identified the +0 leather armour "Soich" {rCorr}
 62973 | Elf:3    | Reached skill level 17 in Fighting
 63080 | Elf:3    | Identified the +9 hand axe of Gluttony {flame, +Rage Dex+2
                  | Stlth-}
 63080 | Elf:3    | Identified the amulet of Pigryubb {Faith +Blink rPois rF+}
 63081 | Elf:3    | Identified the +4 robe of the Mind {Dex+3}
 63627 | Elf:3    | Identified the +0 buckler of Juoceffe {rC- Will+ MP+9
                  | Int+4}
 63666 | Elf:3    | Identified the ring of Xom's Sleight of Hands {rPois rF+++
                  | Will- EV+4 Int-5}
 64857 | Vaults:4 | Noticed a golden dragon
 64935 | Vaults:4 | Found a runed translucent door.
 64938 | Vaults:4 | Noticed jestyr24's ghost (adept MiFi)
 64969 | Vaults:4 | Killed jestyr24's ghost
 64970 | Vaults:4 | Reached skill level 15 in Evocations
 64975 | Vaults:4 | Identified the +2 pair of boots of the Five Visions {+Fly
                  | Will+ Regen+ Stlth+}
 65525 | Vaults:4 | Reached skill level 18 in Fighting
 65918 | Vaults:4 | Reached XP level 21. HP: 173/195 MP: 25/25
 65991 | Vaults:4 | Found Oxzoid's Armour Boutique.
 66528 | Depths:1 | Entered Level 1 of the Depths
 66556 | Depths:1 | Found a flickering gateway to a bazaar.
 66593 | Bazaar   | Entered a bazaar
 66614 | Bazaar   | Found Bobbip's Assorted Antiques.
 66614 | Bazaar   | Found Gasmeyn's Distillery.
 66634 | Bazaar   | Found Saxoin's Book Shop.
 66640 | Bazaar   | Bought a manual of Fighting for 1324 gold pieces
 66648 | Bazaar   | Found Nigauc's Armour Shop.
 66700 | Bazaar   | Bought a potion of curing for 36 gold pieces
 66700 | Bazaar   | Bought a potion of curing for 36 gold pieces
 66700 | Bazaar   | Bought a potion of curing for 36 gold pieces
 66700 | Bazaar   | Bought a potion of mutation for 96 gold pieces
 66700 | Bazaar   | Bought a potion of heal wounds for 60 gold pieces
 66700 | Bazaar   | Bought a potion of heal wounds for 60 gold pieces
 66706 | Bazaar   | Bought a potion of curing for 66 gold pieces
 67223 | Depths:1 | Reached skill level 19 in Fighting
 67229 | Depths:1 | Found a gateway to Hell.
 68802 | Depths:2 | Found a gateway to a ziggurat.
 68816 | Depths:2 | Reached skill level 20 in Fighting
 68820 | Zig:1    | Entered Level 1 of a ziggurat
 68942 | Zig:2    | Entered Level 2 of a ziggurat
 68951 | Zig:3    | Entered Level 3 of a ziggurat
 69106 | Zig:4    | Entered Level 4 of a ziggurat
 69162 | Zig:5    | Entered Level 5 of a ziggurat
 69165 | Zig:5    | Noticed a dread lich
 69171 | Zig:5    | Noticed a dread lich
 69186 | Zig:5    | Killed a dread lich
 69332 | Zig:6    | Entered Level 6 of a ziggurat
 69336 | Zig:6    | Noticed a Killer Klown
 69337 | Zig:6    | Noticed a Killer Klown
 69344 | Zig:6    | a Killer Klown changed into a sphinx
 69351 | Zig:6    | Paralysed by a floating eye for 4 turns
 69360 | Zig:6    | Killed a Killer Klown
 69412 | Zig:6    | Identified the +10 hunting sling of Zirphomm {vorpal, rElec
                  | Int-4 Dex-2 SInv}
 69415 | Zig:6    | Identified the +1 chain mail of the Meadowlark {*Drain
                  | rPois Will+ Dex+4}
 69429 | Zig:7    | Entered Level 7 of a ziggurat
 69498 | Zig:7    | Identified the +9 scimitar "Meowul" {freeze, rN++ Str+2
                  | Dex-4}
 69502 | Zig:7    | Identified the amulet of the Shining Light {RegenMP Str+3
                  | Int+2}
 69537 | Zig:8    | Entered Level 8 of a ziggurat
 69546 | Zig:8    | Noticed a royal mummy
 69558 | Zig:8    | Killed a royal mummy
 69699 | Zig:8    | Identified the +0 robe of the Sky {rN+ Will++}
 70132 | Depths:2 | Identified the amulet "Cissut" {Faith rF+ Str+3 Stlth+}
 70241 | Depths:2 | Reached XP level 22. HP: 155/209 MP: 26/26
 71148 | Depths:3 | Found a one-way gate to the infinite horrors of the Abyss.
 71395 | Depths:3 | Gained mutation: You are weak. (Str -2) [a neqoxec]
 71511 | Depths:3 | Found a one-way gate leading to the halls of Pandemonium.
 71535 | Depths:3 | Reached skill level 21 in Fighting
 72030 | Depths:3 | Noticed a juggernaut
 72070 | Depths:3 | Killed a juggernaut
 72312 | Depths:4 | Found a transporter.
 72328 | Depths:4 | Noticed a juggernaut
 72329 | Depths:4 | Noticed Cancer's ghost (legendary GrCj)
 72332 | Depths:4 | Noticed a juggernaut
 72386 | Depths:4 | Reached skill level 22 in Fighting
 72390 | Depths:4 | Noticed a caustic shrike
 72409 | Depths:4 | Killed a caustic shrike
 72775 | Depths:4 | Identified the amulet of Plog {Spirit rC+ Int+6 Dex+3
                  | Slay+2}
 72800 | Depths:4 | Found a transporter.
 73183 | Depths:5 | Entered Level 5 of the Depths
 73217 | Depths:5 | Found a magical portal.
 73256 | WizLab   | Entered Wucad Mu's Monastery
 73422 | WizLab   | Found the +9 staff of Wucad Mu {*channel}
 73464 | WizLab   | Reached skill level 23 in Fighting
 73464 | WizLab   | Reached XP level 23. HP: 226/226 MP: 25/27
 73991 | Depths:5 | Reached skill level 24 in Fighting
 74010 | Depths:5 | Found a gate to the Realm of Zot.
 74052 | Depths:5 | Reached XP level 24. HP: 190/239 MP: 27/27
 74717 | Vaults:5 | Entered Level 5 of the Vaults
 74964 | Vaults:4 | Reached skill level 25 in Fighting
 75143 | Vaults:5 | Identified the +9 whip of Lahadd {protect, rF+}
 75538 | Vaults:5 | Identified the +4 great mace "Wecoer" {freeze, +Blink rC+}
 75638 | Vaults:5 | Got a silver rune of Zot
 75673 | Vaults:5 | Identified the +5 plate armour "Carghu" {rC+}
 75674 | Vaults:5 | Identified the ring "Ruuph" {*Slow +Fly rPois Int+9}
 75779 | Vaults:5 | Identified the Guide on Mutagenic Bewitchment
 76372 | Vaults:5 | Found the +5 robe of Night {Dark Will+ SInv}
 77051 | Depths:3 | Voluntarily entered the Abyss.
 78736 | Abyss:3  | Paralysed by accursed screaming for 1 turns
 78741 | Abyss:3  | Paralysed by accursed screaming for 2 turns
 78754 | Abyss:3  | Paralysed by accursed screaming for 2 turns
 79280 | Abyss:3  | Gained mutation: You sometimes lose the ability to read
                  | scrolls when taking damage. [a neqoxec]
 79282 | Abyss:3  | Gained mutation: Your spells are easier to cast, but less
                  | powerful. [a neqoxec]
 79685 | Abyss:4  | Paralysed by accursed screaming for 1 turns
 79692 | Abyss:4  | Paralysed by accursed screaming for 2 turns
 79861 | Abyss:4  | Reached XP level 25. HP: 249/249 MP: 27/27
 80332 | Abyss:4  | Gained mutation: You often lose your temper in combat. [a
                  | neqoxec]
 80352 | Abyss:4  | Paralysed by accursed screaming for 1 turns
 80355 | Abyss:4  | Paralysed by accursed screaming for 2 turns
 80358 | Abyss:4  | HP: 5/199 [poisoned by a death drake (dark miasma)]
 80359 | Depths:3 | Escaped the Abyss
 80359 | Depths:3 | Succumbed to a death drake's dark miasma

Illustrated notes

Levels and vault maps discovered:
D:1:      dpeg_arrival_morbid_curiosity, layout_loops_ring, grunt_decor_clamped,
          minmay_distorted
D:2:      layout_basic, tgw_trog, serial_shops, shop, st_stairs_1
D:3:      layout_basic
D:4:      layout_basic
D:5:      layout_basic, gup_sewer_entry_bowl, ebering_ghost_reflecting_pool,
          uniq_edmund, uniq_menkaure
D:6:      layout_loops_ring, nemelex_xobeh_ov_fountains_minmay,
          minmay_temple_entry_waves, uniq_prince_ribbit1, uniq_grinder
D:7:      layout_basic, old_standard_altar, basic_altar
D:8:      layout_rooms, nicolae_overflow_crystal_walls
D:9:      minmay_the_grid_triangle_9x9_rhombus_full
          [minmay_the_grid_triangle_9x9_pentomino_pain,
          minmay_the_grid_triangle_9x9_dagger,
          minmay_the_grid_triangle_9x9_windchime,
          minmay_the_grid_triangle_9x9_odd_lines,
          minmay_the_grid_triangle_9x9_shrine,
          minmay_the_grid_triangle_9x9_steps,
          minmay_the_grid_triangle_9x9_zippers_horizontal,
          minmay_the_grid_triangle_9x9_prize_top_heavy], layout_basic,
          amethyst_overflow_temple_binary, minmay_overflow_temple_star_hex,
          chequers_temple_overflow_statue_of_worship, uniq_pikel
D:10:     minmay_distorted_concentric_squares, layout_grid_maze,
          lair_entry_dummy, ebering_ghost_funeral_grove
D:11:     layout_loops_ring, serial_shops, shop, uniq_sonja
D:12:     layout_cave_pools, orc_0_dummy, basic_altar, gauntlet_entry_generic,
          serial_co_window_serial, co_window_paths_a, co_window_paths_b,
          co_window_paths_a, co_window_paths_a, co_window_paths_a,
          co_window_paths_b, co_window_paths_a, co_window_corner_a,
          co_window_of_opportunity_a, co_window_unsneaky_path_e,
          co_window_unsneaky_path_a, co_window_corner_ca,
          co_window_of_opportunity_c, co_window_unsneaky_path_e,
          glass_columns_a, glass_columns_a, uniq_frances, uniq_rupert,
          uniq_josephine
D:13:     layout_loops_ring, grunt_vaults_entry_fortified,
          lightli_bailey_entry_fortress
D:14:     layout_grid_maze, serial_shops, shop_coins, uniq_roxanne
D:15:     gammafunk_depths_entry_grave, layout_long_grid, fedhas_altar_3,
          uniq_azrael
Lair:1:   layout_roguey, basic_altar
Lair:2:   layout_cave_pods, elwin_shoals_entry_rooms,
          minmay_snake_entry_guardpost_large, grunt_megastairs_4
Lair:3:   layout_cave_shapes, amcnicky_mini_pool_medium, uniq_gastronok
Lair:4:   mu_elephants_graveyard, layout_gridlike, infiniplex_staircase_pool
Lair:5:   layout_loops_ring
Lair:6:   cheibrodos_lair_end_hotspot, layout_regular_city,
          nicolae_slime_entry_slimehenge, minivault_27, serial_bayou_shore_b
Shoals:1: layout_shoals, serial_shops, nicolae_shop_trees, shop,
          nicolae_shop_behind_doors, shop, nicolae_shop_stone
Shoals:2: nzn_motion_control, layout_shoals
Shoals:3: layout_shoals, uniq_jorgrun, uniq_louise
Shoals:4: shoals_end_hangedman, layout_shoals, portal_ice_cave_entry_pillars_1
Snake:1:  layout_misc_corridors
Snake:2:  layout_rooms, serial_shops, nicolae_shop_statue_plus, basic_altar,
          serial_bayou_lagoon_b
Snake:3:  layout_misc_corridors, ebering_ghost_gozag, drop_trap
Snake:4:  johnstein_snake_rune_scales, layout_onion, minmay_shoptagon,
          uniq_aizul
Orc:1:    layout_caves
Orc:2:    st_orc_mages, layout_caves, basic_altar, uniq_nessos
Elf:1:    minmay_coctagon, layout_geoelf_octagon,
          hangedman_elven_crosses_minicolossus
Elf:2:    layout_geoelf_grid, serial_shops, shop
Elf:3:    nooodl_elf_gasket, layout_rooms, serial_shops, nicolae_shop_trees,
          corexii_checkpoint_a
Vaults:1: nicolae_vaults_quartermaster, nicolae_vaults_network_quincunx
          [nicolae_vaults_network_quincunx_subvault,
          nicolae_vaults_network_quincunx_subvault,
          nicolae_vaults_network_quincunx_subvault,
          nicolae_vaults_network_quincunx_subvault,
          nicolae_vaults_network_quincunx_subvault], ontoclasm_vaults_ligature,
          nicolae_vaults_ninety_degrees, vaults_room_door_hall,
          nicolae_vaults_angled_halls, vaults_room_corners,
          nicolae_vaults_big_angled_halls, v_misc_5, v_alt_pattern_4,
          hangedman_vaults_river_flow, vaults_mumra_chevron, grunt_vaults_focal,
          vaults_dpeg_encased_lava, layout_vaults_maze, serial_shops,
          nicolae_shop_behind_doors
Vaults:2: gammafunk_vaults_ghost_necromancy, vaults_room_ringed_pool, v_misc_28,
          v_misc_28, nicolae_vaults_circle_grid_b, ontoclasm_vaults_gateway,
          kennysheep_vaults_gozag_temple, v_alt_pattern_1,
          hangedman_vaults_slice, vaults_room_corners, vaults_dpeg_hooks,
          vaults_room_fours, layout_vaults_big_room
Vaults:3: v_misc_14, v_misc_14, vaults_room_fours,
          nicolae_vaults_hallways_thing, v_misc_14, vaults_dpeg_spiral,
          v_misc_25, ontoclasm_vaults_decontamination, layout_vaults_quadrants,
          uniq_mennas
Vaults:4: ebering_vaults_ghost_reflecting_pool, grunt_vaults_funnel,
          ontoclasm_vaults_fault, nicolae_vaults_stairing_the_circle,
          nicolae_vaults_circle_grid_a, v_misc_24, v_misc_24, vaults_room_fours,
          v_pattern_4, vaults_standard_mumra_lines, vaults_room_guarded_vault,
          ontoclasm_vaults_chip, nicolae_vaults_specimen_jars,
          layout_vaults_omnicross, serial_shops, nicolae_shop_stone
Vaults:5: serial_shops
Depths:1: minmay_triangles_in_corner, layout_cave_shapes,
          hangedman_decor_clover_reticule, serial_shops, bzr_entry_water,
          hell_entry, corner_web_ring, solitary_fountain, minmay_metal_thing
Depths:2: wad_statue_garden, layout_gridlike, enter_ziggurat_b,
          chequers_serial_rivers_small_b, hangedman_tar_grid_catacomb,
          serial_bayou_shore_a
Depths:3: minmay_glassy_protrusions, layout_cave_pools,
          serial_sigils_hangedman_scar, abyss_entry, grunt_pan_entry_in_and_out,
          grunt_hell_entry_dis_grunt, minmay_multi_spiral
Depths:4: kennysheep_big_flooded_room, layout_cave_pools,
          gammafunk_ghost_wrathful_warriors, serial_co_window_serial,
          co_window_paths_a, co_window_paths_b, co_window_paths_b,
          co_window_of_opportunity_a, co_window_corner_a, co_window_corner_a,
          co_window_corner_a, co_window_broadway_c, co_window_cross_2,
          co_window_paths_c, co_window_corner_ca, co_window_unsneaky_path_c,
          glass_columns_b, abyss_entry, hell_entry, kennysheep_generic_room_3
Depths:5: grunt_zot_entry_funnels, layout_cave_pools, hell_entry,
          mu_enter_wizlab_3

Skill      XL: |  1  2  3  4  5  6  7  8  9 10 11 12 13 14 15 16 17 18 19 20 21 22 23 24 |
---------------+-------------------------------------------------------------------------+-----
Long Blades    | 2 3 4 5 7 9 11 12 14 15 16 | 16.0
Fighting       | 3 4 5 7 8 9 10 11 12 13 14 16 18 20 23 24 25 | 25.0
Armour         | 3 4 5 9 |  9.3
Dodging        | 1 2 3 5 6 7 9 10 11 12 13 14 15 16 17 20 | 20.0
Shields        | 3 6 8 12 15 18 | 18.9
Evocations     | 1 5 7 9 11 13 14 15 | 15.0

Action                   |  1- 3 |  4- 6 |  7- 9 | 10-12 | 13-15 | 16-18 | 19-21 | 22-24 | 25-27 || total
-------------------------+-------+-------+-------+-------+-------+-------+-------+-------+-------++-------
Melee: Long sword        |   168 |   131 |   266 |       |       |       |       |       |       ||   565
       Scimitar          |       |       |    96 |   629 |  1687 |  2259 |    49 |       |       ||  4720
       Double sword      |       |       |       |       |       |       |  1349 |  1573 |    52 ||  2974
       Demon blade       |       |       |       |       |       |       |   184 |       |       ||   184
Throw: Stone             |    37 |       |       |       |       |    76 |       |       |       ||   113
       Boomerang         |       |    53 |    81 |   114 |   217 |     5 |       |       |       ||   470
       Dart              |       |       |       |       |       |     7 |     5 |     1 |       ||    13
Evoke: Wand              |       |     7 |    23 |    12 |    16 |    36 |    25 |     1 |     3 ||   123
       Lightning rod     |       |       |       |     1 |    19 |    43 |    21 |     9 |       ||    93
       Tin of tremorston |       |       |       |       |    10 |    17 |    21 |    16 |       ||    64
       Condenser vane    |       |       |       |       |       |       |    12 |     9 |     1 ||    22
       Phantom mirror    |       |       |       |       |       |       |     1 |       |       ||     1
       Box of beasts     |       |       |       |       |       |       |       |     2 |       ||     2
  Use: Potion            |     1 |     8 |     4 |     6 |     1 |     6 |     9 |     1 |     1 ||    37
       Scroll            |       |     6 |     1 |    14 |    10 |    10 |    10 |     4 |     3 ||    58
 Stab: Invisible         |       |     4 |       |       |       |       |       |       |       ||     4
       Distracted        |       |     1 |       |     1 |     2 |     5 |     5 |    11 |     1 ||    26
       Sleeping          |       |       |     1 |     4 |    10 |     7 |    12 |    10 |       ||    44
       Paralysed         |       |       |       |       |       |     8 |       |       |       ||     8
       Petrified         |       |       |       |       |       |       |       |     4 |       ||     4
       Petrifying        |       |       |       |       |       |       |       |     1 |       ||     1
Armor: Scale mail        |    68 |       |       |       |       |       |       |       |       ||    68
       Ring mail         |     7 |    28 |    30 |       |       |       |       |       |       ||    65
       Skin              |       |    11 |       |    16 |       |       |       |       |       ||    27
       Steam dragon scal |       |       |    55 |    54 |       |       |       |       |       ||   109
       Acid dragon scale |       |       |       |    49 |   308 |   421 |   298 |   328 |    26 ||  1430
Dodge: Dodged            |    72 |    81 |   195 |   321 |  1106 |  1529 |  1232 |  1986 |   247 ||  6769
Block: Buckler           |    44 |    47 |   137 |   268 |  1050 |       |       |       |       ||  1546
       Kite shield       |     2 |       |       |       |     7 |  1959 |   998 |  1661 |   162 ||  4789
       Reflection        |       |       |     2 |    11 |    76 |   149 |       |       |       ||   238
       Rpst.: Long sword |    23 |    16 |    27 |       |       |       |       |       |       ||    66
       Scimitar          |       |       |    16 |    83 |   252 |   271 |     2 |       |       ||   624
       Double sword      |       |       |       |       |       |       |   204 |   341 |    49 ||   594
       Demon blade       |       |       |       |       |       |       |    19 |       |       ||    19

Table legend: (Time is in decaauts)
 A = Elapsed time spent in this place.
 B = Non-inter-level travel time spent in this place.
 C = Inter-level travel time spent in this place.
 D = Time resting spent in this place.
 E = Time spent auto-exploring this place.
 F = Levels seen in this place.
 G = Mean time per level.
                   A        B        C        D        E       F      G
               +--------+--------+--------+--------+--------+-----+--------+
         Total |  78889 |  73884 |   5005 |  20025 |  35781 |  61 | 1293.3 |
       Dungeon |  24634 |  22476 |   2158 |   5615 |  13218 |  15 | 1642.3 |
          Lair |   8884 |   8173 |    711 |    904 |   5761 |   6 | 1480.7 |
        Shoals |   5714 |   5485 |    229 |   1651 |   2185 |   4 | 1428.5 |
     Snake Pit |   9240 |   8885 |    355 |   4729 |   2699 |   4 | 2310.0 |
  Orcish Mines |   2841 |   2673 |    168 |    900 |   1374 |   2 | 1420.5 |
   Elven Halls |   4672 |   4409 |    263 |    969 |   1993 |   3 | 1557.3 |
        Vaults |   9870 |   9190 |    680 |   2924 |   4186 |   5 | 1974.0 |
        Depths |   6334 |   5895 |    439 |    673 |   3376 |   5 | 1266.8 |
         Abyss |   3196 |   3196 |      0 |    430 |    206 |   4 |  799.0 |
      Ziggurat |    867 |    867 |      0 |    550 |      0 |   8 |  108.4 |
        Bazaar |    132 |    132 |      0 |      0 |     83 |   1 |  132.0 |
        Bailey |    387 |    387 |      0 |      0 |    178 |   1 |  387.0 |
      Ice Cave |    623 |    623 |      0 |    166 |    134 |   1 |  623.0 |
        Wizlab |    342 |    342 |      0 |     22 |     15 |   1 |  342.0 |
      Gauntlet |   1145 |   1145 |      0 |    487 |    371 |   1 | 1145.0 |
               +--------+--------+--------+--------+--------+-----+--------+

Top non-repeatable levels by time:
 Snake:4: 2971 daAuts
    D:13: 2874 daAuts
Vaults:4: 2703 daAuts
Vaults:1: 2650 daAuts
 Snake:3: 2610 daAuts
Vaults:2: 2275 daAuts
     D:9: 2159 daAuts
     D:5: 2075 daAuts
     D:7: 2065 daAuts
  Lair:6: 2060 daAuts
    D:10: 1998 daAuts
     D:2: 1910 daAuts
   Orc:1: 1875 daAuts
  Lair:2: 1868 daAuts
 Snake:1: 1867 daAuts
